 Dungeon Crawl Stone Soup version 0.30-a0-715-gdb4ae3ece1 (webtiles) character file.

Game seed: 15190194209765172423

486 jlumianski the Chopper (level 6, -1/48 HPs)
             Began as a Demonspawn Fighter on Jan 24, 2023.
             Slain by an ogre
             ... wielding a +0 giant spiked club
              (11 damage)
             ... on level 4 of the Dungeon.
             The game lasted 00:13:54 (3710 turns).

jlumianski the Chopper (Demonspawn Fighter)         Turns: 3710, Time: 00:13:55

Health: -1/48      AC: 12    Str: 18    XL:     6   Next: 89%
Magic:  6/6        EV:  4    Int:  9    God:
Gold:   235        SH:  9    Dex: 15    Spells: 5/5 levels left

rFire   . . .      SeeInvis .    a - +0 war axe
rCold   . . .      Faith    .    g - +0 kite shield
rNeg    . . .      Spirit   .    B - +0 plate armour
rPois   .          Reflect  .    (no helmet)
rElec   .          Harm     .    m - +0 cloak
rCorr   +          Rampage  .    (no gloves)
Will    .....                    (no boots) Stlth
                                 (no amulet)
HPRegen 0.28/turn                h - ring of resist corrosion
MPRegen 0.10/turn                j - ring of flight

@: flying
A: thin skeletal structure 1, demonic magic 1
a: no special abilities


You were on level 4 of the Dungeon.
You visited 1 branch of the dungeon, and saw 6 of its levels.

You collected 235 gold pieces.

Inventory:

Hand Weapons
 a - a +0 war axe (weapon)
 z - the +0 dagger "Hydrabane" {pain, Fragile rN+ Dex+3}
   (You found it on level 3 of the Dungeon)

   Dex:       It affects your dexterity (+3).
   rN:        It protects you from negative energy.
   Fragile:   It will be destroyed if unequipped.
Missiles
 i - 3 curare-tipped darts
 r - 59 stones (quivered)
 A - 3 boomerangs
Armour
 b - a +0 scale mail
 c - a +0 buckler
 g - a +0 kite shield (worn)
 m - a +0 cloak (worn)
 B - a +0 plate armour (worn)
Jewellery
 h - a ring of resist corrosion (left hand)
 j - a ring of flight (right hand)
Scrolls
 f - 2 scrolls of poison
 o - a scroll of identify {unknown}
 p - a scroll of silence {unknown}
 q - a scroll of fear {unknown}
 t - 2 scrolls of fog
 u - a scroll of enchant armour {unknown}
 v - a scroll of vulnerability {unknown}
 y - a scroll of teleportation {unknown}
Potions
 d - a potion of might
 e - a potion of degeneration {unknown}
 k - a potion of haste
 l - a potion of berserk rage
 n - 3 potions of curing
 s - a potion of mutation {unknown}
 w - 2 potions of attraction {unknown}
 x - 2 potions of heal wounds {unknown}


   Skills:
 + Level 4.0 Fighting
 + Level 4.6 Axes
 + Level 3.7 Armour
 + Level 1.7 Dodging
 + Level 0.5 Stealth
 + Level 3.7 Shields


You had 5 spell levels left.
You didn't know any spells.
Your spell library contained the following spells:

 Spells                   Type           Power      Damage    Failure   Level
 Necrotise                Necr           0%         1d4       100%        1
 Inner Flame              Hex/Fire       0%         N/A       100%        3
 Vampiric Draining        Necr           0%         2d6       100%        3
 Cause Fear               Hex            0%         N/A       100%        4
 Agony                    Necr           0%         N/A       100%        5
 Discord                  Hex            0%         N/A       100%        8


Dungeon Overview and Level Annotations

Branches:
Dungeon (6/15)
 Temple: D:4-7

Altars:


Innate Abilities, Weirdness & Mutations

You have a somewhat thin skeletal structure. (Dex +2, Stealth+)
Spells you cast may paralyse adjacent enemies.


Message History

a +1 short sword of holy wrath; an orc corpse HP restored.
Things that are here:
a +0 dagger of flaming; a +0 robe
Found a stone staircase leading up.
There is a stone staircase leading up here.
You fly upwards.
The ogre shouts!
Found a hand axe and a robe.
There is a stone staircase leading down here.
You block the kobold's attack.
You fly downwards.
There is a stone staircase leading up here.
You closely miss the kobold. You block the kobold's attack.
You barely miss the kobold.
The kobold hits you but does no damage. x2
You hit the kobold.
You kill the kobold!
You see here a +0 club.
There is a stone staircase leading up here.
You fly upwards.
You block the ogre's attack.
There is a stone staircase leading down here.
You completely miss the ogre.
The ogre hits you with a +0 giant spiked club!
You hit the ogre.
The ogre is lightly wounded.
The ogre barely misses you.
You hit the ogre.
The ogre is moderately wounded.
You block the ogre's attack.
You slash the ogre!
The ogre is severely wounded.
The ogre hits you with a +0 giant spiked club!
You hit the ogre.
The ogre is almost dead.
The ogre hits you with a +0 giant spiked club!!
* * * LOW HITPOINT WARNING * * *
You completely miss the ogre.
The ogre is almost dead.
The ogre hits you with a +0 giant spiked club!
You die...

######## ..[....#
......# ......# #
#....#
....###....##.#
.......@......)
.......O.......
...............
######
...####...##..#
##....##...####...#
##
#..................
#......O............
#....................
#.............


You could see an ogre.

Vanquished Creatures
  A phantom (D:3)
  A necrophage (D:5)
  2 orc priests (D:4)
  Natasha (D:3)
  A scorpion zombie (D:3)
  3 orc wizards
  A hound skeleton (D:3)
  5 adders
  A white imp (D:5)
  An adder skeleton (D:3)
  A dart slug (D:3)
  A worm (D:2)
  6 orcs
  6 endoplasms
  A giant cockroach (D:1)
  4 goblins
  3 hobgoblins
  6 jackals
  12 kobolds
  10 quokkas
  7 ball pythons
  5 bats
  4 frilled lizards
  A jackal skeleton (D:3)
  A quokka simulacrum (D:3)
  A quokka zombie (D:3)
  8 rats
94 creatures vanquished.

Vanquished Creatures (others)
  14 plants (D:2)
  15 withered plants (D:3)
29 creatures vanquished.

Grand Total: 123 creatures vanquished

Notes
Turn   | Place    | Note
-------+----------+-------------------------------------------
     0 | D:1      | jlumianski the Demonspawn Fighter began the quest for the
                  | Orb.
     0 | D:1      | Reached XP level 1. HP: 18/18 MP: 1/1
    10 | D:1      | Found a faded altar of an unknown god.
   284 | D:1      | Gained mutation: You have a somewhat thin skeletal
                  | structure. (Dex +2, Stealth+) [demonic ancestry]
   284 | D:1      | Reached XP level 2. HP: 14/24 MP: 2/2
   870 | D:1      | Reached XP level 3. HP: 29/29 MP: 3/3
  1576 | D:2      | Gained mutation: Spells you cast may paralyse adjacent
                  | enemies. [demonic ancestry]
  1576 | D:2      | Reached XP level 4. HP: 35/35 MP: 4/4
  2349 | D:3      | Reached skill level 1 in Dodging
  2840 | D:4      | Noticed a phantom
  2843 | D:4      | Noticed an ogre
  2853 | D:3      | Killed a phantom
  2854 | D:3      | Reached XP level 5. HP: 41/41 MP: 5/5
  2978 | D:3      | Noticed Natasha
  2999 | D:3      | Killed Natasha
  3020 | D:3      | Reached XP level 6. HP: 36/47 MP: 6/6
  3035 | D:3      | Identified the +0 dagger "Hydrabane" {pain, Fragile rN+
                  | Dex+3}
  3376 | D:5      | Entered Level 5 of the Dungeon
  3710 | D:4      | Slain by an ogre

Illustrated notes

Levels and vault maps discovered:
D:1:      minmay_arrival_solitary_statue, layout_basic,
          chequers_ecumenical_altar_simple
D:2:      layout_basic, lexackson_kobold_supper
D:3:      layout_loops_ring, hangedman_decor_growths, dilly_guarded_unrand_morg
D:4:      layout_gridville
D:5:      layout_loops_ring, kennysheep_generic_room_15
D:6:      layout_loops_ring, overflow_temple_1_default,
          mainiacjoe_overflow_two_lobes

Skill      XL: |  1  2  3  4  5  6 |
---------------+-------------------+-----
Axes           | 2 3 4 |  4.6
Shields        | 3 |  3.7
Armour         | 3 |  3.7
Dodging        | 1 |  1.7
Fighting       | 4 |  4.0
Stealth        | |  0.5

Action                     |  1- 3 |  4- 6 || total
---------------------------+-------+-------++-------
  Melee: War axe           |   143 |   204 ||   347
  Throw: Stone             |     3 |     6 ||     9
    Use: Scroll            |       |     5 ||     5
         Potion            |       |     3 ||     3
   Stab: Sleeping          |       |     1 ||     1
 Armour: Scale mail        |    81 |    89 ||   170
         Plate armour      |       |    26 ||    26
  Dodge: Dodged            |    46 |    63 ||   109
  Block: Kite shield       |    73 |   107 ||   180

Table legend: (Time is in decaauts)
 A = Elapsed time spent in this place.
 B = Non-inter-level travel time spent in this place.
 C = Inter-level travel time spent in this place.
 D = Time resting spent in this place.
 E = Time spent auto-exploring this place.
 F = Levels seen in this place.
 G = Mean time per level.
                   A        B        C        D        E       F      G
               +--------+--------+--------+--------+--------+-----+--------+
         Total |   3905 |   3873 |     32 |    107 |   1998 |   6 |  650.8 |
       Dungeon |   3905 |   3873 |     32 |    107 |   1998 |   6 |  650.8 |
               +--------+--------+--------+--------+--------+-----+--------+

Top non-repeatable levels by time:
     D:2: 1321 daAuts
     D:1: 1034 daAuts
     D:3: 975 daAuts
     D:4: 348 daAuts
     D:5: 206 daAuts
     D:6: 18 daAuts
